 Dungeon Crawl Stone Soup version 0.27.1-1-g398f81649c (webtiles) character file.

Game seed: 14737343228410290408

63 nxtlvl the Insei (level 3, -4/31 HPs)
             Began as a Draconian Monk on Sept 21, 2021.
             Slain by a river rat (5 damage)
             ... on level 3 of the Dungeon.
             The game lasted 00:04:39 (576 turns).

nxtlvl the Insei (Draconian Monk)                    Turns: 576, Time: 00:04:39

Health: -4/31      AC:  5    Str: 13    XL:     3   Next: 87%
Magic:  3/3        EV: 12    Int: 11    God:
Gold:   19         SH:  0    Dex: 13    Spells: 2/2 levels left

rFire    . . .     SeeInvis .     - Unarmed
rCold    . . .     Faith    .   (no shield)
rNeg     . . .     Spirit   .   (armour unavailable)
rPois    .         Reflect  .   (helmet restricted)
rElec    .         Harm     .   (no cloak)
rCorr    .         Rampage  .   (no gloves)
Will     .....                  (no boots)
Stlth    +.........             (no amulet)
HPRegen  0.10/turn              (no ring)
MPRegen  0.08/turn              (no ring)

@: very slow
A: AC +5, unfitting armour, cold-blooded
a: no special abilities


You were on level 3 of the Dungeon.
You visited 1 branch of the dungeon, and saw 3 of its levels.

You collected 19 gold pieces.

Inventory:

Missiles
 b - 20 sling bullets
 c - a throwing net (quivered)
Scrolls
 a - a scroll of noise {unknown}
 d - a scroll of magic mapping {unknown}
 f - a scroll of enchant weapon {unknown}
 h - a scroll of immolation {unknown}
 i - a scroll of amnesia {unknown}
Potions
 e - 2 potions of flight {unknown}
 g - a potion of curing {unknown}


   Skills:
 - Level 3.2 Fighting
 - Level 2.6 Dodging
 - Level 1.7 Stealth
 * Level 4.8 Unarmed Combat


You had 2 spell levels left.
You didn't know any spells.
Your spell library contained the following spells:

 Spells                   Type           Power      Damage    Failure   Level
 Corpse Rot               Necr/Air       N/A        N/A       47%         2
 Poisonous Vapours        Pois/Air       0%         N/A       47%         2
 Freezing Cloud           Conj/Ice/Air   0%         6-21      100%        5


Dungeon Overview and Level Annotations

Branches:
Dungeon (3/15)

Altars:
Okawaru

Portals:
Sewer: D:3


Innate Abilities, Weirdness & Mutations

Your plain brown scales are hard. (AC +5)
You cannot fit into any form of body armour.
You are cold-blooded and may be slowed by cold attacks.


Message History

The quokka splashes around in the water.
You barely miss the quokka.
The quokka is heavily wounded.
The quokka bites you.
You hit the quokka.
You kill the quokka!
You hit the rat.
You kill the rat!
You enter the shallow water.
Moving in this stuff is going to be slow.
You see here a rat corpse.
A rat comes into view.
Your unstable footing causes you to fumble your attack.
You hear the quick rusting of a drain.
The rat barely misses you.
You hit the rat.
The rat is severely wounded.
The rat barely misses you.
You hit the rat.
You kill the rat!
A river rat comes into view.
Found a glowing drain.
You barely miss the river rat. You tail-slap the river rat.
The river rat is moderately wounded.
The river rat bites you.
You closely miss the river rat.
The river rat is moderately wounded.
The river rat bites you.
You hit the river rat.
The river rat is moderately wounded.
The river rat bites you!
* * * LOW HITPOINT WARNING * * *
You hit the river rat but do no damage.
The river rat is moderately wounded.
The river rat bites you!
* * * LOW HITPOINT WARNING * * *
You hit the river rat.
The river rat is heavily wounded.
The river rat bites you.
You die...

######### #.# ####. #.......#
#.#####.... #.#####.#
#.......##.
#.#####.#####.###############
#.......##........# #..
#..###..##.##.###.# ##.#
##.#. ..####.# #..>
##†######≈##.# #[..
#≈≈≈#≈r@≈≈≈#.### #...
#≈≈≈#≈≈#≈≈≈#...# #...
##≈##≈≈##≈####.# #... #≈#≈≈≈
#≈# #.######... #≈#≈≈∩ #≈#
##......†...
##≈##≈≈##≈##............
#≈≈≈####≈≈≈####.........
#≈≈≈≈≈≈≈≈≈≈# #######...
##≈######≈## #...


You could see a river rat.

Vanquished Creatures
  3 adders (D:3)
  2 worms (D:3)
  3 endoplasms
  A giant cockroach (D:3)
  4 goblins (D:1)
  3 hobgoblins
  4 jackals (D:1)
  A quokka (D:3)
  A ball python (D:3)
  A frilled lizard (D:3)
  3 kobolds
  3 rats (D:3)
29 creatures vanquished.

Notes
Turn   | Place    | Note
-------+----------+-------------------------------------------
     0 | D:1      | nxtlvl the Draconian Monk began the quest for the Orb.
     0 | D:1      | Reached XP level 1. HP: 19/19 MP: 1/1
   105 | D:1      | Reached XP level 2. HP: 25/26 MP: 2/2
   162 | D:2      | Found an iron altar of Okawaru.
   258 | D:3      | Reached skill level 4 in Unarmed Combat
   258 | D:3      | Reached XP level 3. HP: 25/31 MP: 3/3
   571 | D:3      | Found a glowing drain.
   575 | D:3      | HP: 1/31 [river rat (8)]
   576 | D:3      | Slain by a river rat

Illustrated notes

Levels and vault maps discovered:
D:1:      kilobyte_arrival_exit_the_forest, layout_basic,
          shapermc_ecumenical_altar_pompeii
D:2:      layout_rooms, basic_altar
D:3:      layout_loops_cross, gup_sewer_entry_bubbles, kennysheep_generic_room_7

Skill      XL: |  1  2 |
---------------+-------+-----
Unarmed Combat | 4 |  4.8
Fighting       | |  3.2
Dodging        | |  2.6
Stealth        | |  1.7

Action                   || total
-------------------------++-------
Melee: Unarmed           ||   114
       Tailslap          ||     8
       Punch             ||     1
 Stab: Sleeping          ||     2
Armor: Skin              ||    23
Dodge: Dodged            ||    37
